 Dungeon Crawl Stone Soup version 0.30-a0-381-g6ea064c7b4 (webtiles) character file.

Game seed: 14772486480069595668

28957 porpoise the Cleaver (level 13, -7/120 HPs)
             Began as an Armataur Fighter on Nov 30, 2022.
             Was the Champion of Okawaru.
             Mangled by a komodo dragon (26 damage)
             ... on level 3 of the Lair of Beasts on Dec 2, 2022.
             The game lasted 01:10:19 (12837 turns).

porpoise the Cleaver (Armataur Fighter)            Turns: 12837, Time: 01:10:19

Health: -7/120     AC: 10    Str: 33    XL:     13   Next: 12%
Magic:  18/18      EV: 10    Int: 14    God:    Okawaru [******]
Gold:   683        SH:  5    Dex: 13    Spells: 12/12 levels left

rFire   x . .      SeeInvis .    a - +11 flail "Jajavej" {vorpal, rF- Str+3 Int+4 Dex+2}
rCold   . . .      Faith    .    c - +0 buckler
rNeg    . . .      Spirit   .    q - +2 ring mail {rPois}
rPois   +          Reflect  .    H - +0 helmet
rElec   .          Harm     .    K - scarf {repulsion}
rCorr   .          Roll     +    (no gloves)
Will    .....                    (no barding)
Stlth   +.........               n - amulet of regeneration
HPRegen 1.20/turn                p - +6 ring of strength
MPRegen 0.16/turn                s - +4 ring of slaying

@: repel missiles
A: large, rugged brown scales 3, deformed body, armoured tail, roll, long
tongue, awkward tongue
a: Renounce Religion, Heroism, Finesse, Duel


You were on level 3 of the Lair of Beasts.
You worshipped Okawaru.
Okawaru was exalted by your worship.
You visited 3 branches of the dungeon, and saw 14 of its levels.
You also visited: Bailey.

You collected 1050 gold pieces.
You spent 367 gold pieces at shops.

Inventory:

Hand Weapons
 a - the +11 flail "Jajavej" (weapon) {vorpal, rF- Str+3 Int+4 Dex+2}
   (You found it on level 5 of the Dungeon)

   It inflicts extra damage upon your enemies.
   Str:       It affects your strength (+3).
   Int:       It affects your intelligence (+4).
   Dex:       It affects your dexterity (+2).
   rF:        It makes you vulnerable to fire.
 b - the +7 sling "Hell-Harrower" {speed, Stlth+}
   (You found it on level 3 of the Lair of Beasts)

   Attacks with this weapon are significantly faster.
   Stlth:     It makes you more stealthy.
 w - a +0 war axe
Missiles
 o - 3 javelins (quivered)
 v - 2 poisoned darts
 Y - a curare-tipped dart
Armour
 c - a +0 buckler (worn)
 j - a +1 scale mail of positive energy
 q - a +2 ring mail of poison resistance (worn)
 H - a +0 helmet (worn)
 K - a scarf of repulsion (worn)
Jewellery
 n - an amulet of regeneration (around neck)
 p - a +6 ring of strength (left hand)
 s - a +4 ring of slaying (right hand)
 x - a ring of willpower
 L - a ring of resist corrosion
 T - a ring of fire
Wands
 F - a wand of flame (15)
 M - a wand of digging (4)
 P - a wand of acid (4)
Scrolls
 e - 6 scrolls of fog
 g - 5 scrolls of vulnerability
 h - 7 scrolls of teleportation
 r - a scroll of identify
 z - 2 scrolls of silence
 C - 5 scrolls of poison
 D - a scroll of fear
Potions
 d - 4 potions of might
 i - 8 potions of haste
 k - 8 potions of curing
 l - 5 potions of attraction
 m - 3 potions of lignification
 t - 6 potions of heal wounds
 u - 2 potions of cancellation
 Q - 2 potions of invisibility
 R - 3 potions of resistance
 V - a potion of ambrosia
 X - 3 potions of berserk rage


   Skills:
 + Level 9.8 Fighting
 - Level 12.1(12.4) Axes
 + Level 4.3(9.6) Maces & Flails
 - Level 6.0 Throwing
 - Level 7.0 Armour
 - Level 5.0 Dodging
 - Level 5.0 Shields
 - Level 7.0 Invocations
 + Level 2.6 Evocations


You had 12 spell levels left.
You didn't know any spells.
Your spell library contained the following spells:

 Spells                   Type           Power      Damage    Failure   Level
 Shock                    Conj/Air       0%         1d3       43%         1
 Cigotuvi's Dreadful Rot  Necr/Pois/Air  0%         N/A       56%         2
 Ensorcelled Hibernation  Hex/Ice        0%         N/A       56%         2
 Passwall                 Tmut/Erth      0%         N/A       56%         2
 Poisonous Vapours        Pois/Air       0%         N/A       56%         2
 Scorch                   Fire           0%         2d5       56%         2
 Static Discharge         Conj/Air       0%         2-2/arc   56%         2
 Dazzling Flash           Conj/Hex       0%         N/A       80%         3
 Gell's Gravitas          Tloc           0%         N/A       80%         3
 Hailstorm                Conj/Ice       0%         3d3       80%         3
 Ignite Poison            Fire/Tmut/Pois 0%         N/A       80%         3
 Lesser Beckoning         Tloc           0%         N/A       80%         3
 Mephitic Cloud           Conj/Pois/Air  0%         N/A       80%         3
 Ozocubu's Armour         Ice            0%         N/A       80%         3
 Swiftness                Air            0%         N/A       80%         3
 Teleport Other           Tloc           0%         N/A       80%         3
 Vhi's Electric Charge    Tloc/Air       0%         N/A       80%         3
 Airstrike                Air            0%         2d(0-16)  99%         4
 Dispel Undead            Necr           0%         3d6       99%         4
 Flame Wave               Conj/Fire      0%         2d4       99%         4
 Ice Form                 Ice/Tmut       0%         N/A       99%         4
 Iskenderun's Mystic Bla  Conj/Tloc      0%         2d3       99%         4
 Passage of Golubria      Tloc           0%         N/A       99%         4
 Sticky Flame             Conj/Fire      0%         2d3       99%         4
 Arcjolt                  Conj/Air       0%         1d10      100%        5
 Lightning Bolt           Conj/Air       0%         1d11      100%        5
 Metabolic Englaciation   Hex/Ice        0%         N/A       100%        5
 Silence                  Hex/Air        0%         N/A       100%        5
 Dispersal                Tloc           0%         N/A       100%        6
 Starburst                Conj/Fire      0%         6d3       100%        6
 Ignition                 Fire           0%         3d3       100%        8
 Lehudib's Crystal Spear  Conj/Erth      0%         10d2      100%        8
 Death Channel            Necr           Unusable   N/A       N/A         6
 Simulacrum               Ice/Necr       Unusable   N/A       N/A         6
 Summon Cactus Giant      Summ           Unusable   N/A       N/A         6

Dungeon Overview and Level Annotations

Branches:
Dungeon (10/15)            Temple (1/1) D:5            Lair (3/5) D:10
  Swamp (0/4) Lair:2       Spider (0/4) Lair:2          Orc (0/2) D:10
 Bailey (visited)

Altars:
Ashenzari
Cheibriados
Dithmenos
Elyvilon
Fedhas
Gozag
Hepliaklqana
Kikubaaqudgha
Makhleb
Nemelex Xobeh
Okawaru
Qazlal
Ru
Sif Muna
Trog
Uskayaw
Vehumet
Wu Jian
Xom
Yredelemnul
Zin
The Shining One

Shops:
D:7 [

Portals:
Trove: D:10 (give horn of Geryon)


Innate Abilities, Weirdness & Mutations

You are completely covered in rugged brown scales. (AC +3, +7% HP)
Armour fits poorly on your strangely shaped body.
You have a long armoured tail.
You roll when moving toward enemies. (Rampage)
Your long tongue fully drains potion bottles. (2x potion effects)
Your tongue gives you trouble enunciating. (1.5x scroll delay)


Message History

You barely miss the hornet.
Your tail-slap misses the hornet.
You feel sick. The hornet stings you! The komodo dragon bites you.
The hornet stings you but does no damage.
You closely miss the hornet.
You feel sick. The hornet stings you!
You feel yourself slow down. You block the komodo dragon's attack.
Unknown command.
You slurp down every last drop of the 7 potions of heal wounds!
You feel much better.
You feel sick. The hornet stings you. You block the hornet's attack.
The komodo dragon closely misses you. The hornet barely misses you.
The komodo dragon bites you!
You barely miss the hornet.
You feel sick. The hornet stings you. The komodo dragon closely misses you.
The hornet stings you!
You feel as though you will be slow longer.
You sock the hornet!
Your tail-slap misses the hornet.
The hornet is moderately wounded.
You feel sick.
You are no longer poisoned.
The hornet stings you.
The komodo dragon bites you but does no damage.
The hornet stings you.
You sock the hornet!
Your tail-slap misses the hornet.
The hornet is almost dead.
The hornet stings you. The komodo dragon bites you!! The hornet stings you!
The komodo dragon barely misses you.
You closely miss the hornet.
The hornet is almost dead.
You feel yourself speed up.
The hornet stings you but does no damage.
The komodo dragon bites you!
* * * LOW HITPOINT WARNING * * *
The hornet closely misses you.
You bludgeon the hornet!!
You kill the hornet!
Okawaru accepts your kill. The komodo dragon bites you!
* * * LOW HITPOINT WARNING * * *
You barely miss the komodo dragon. You tail-slap the komodo dragon.
The komodo dragon is lightly wounded.
The komodo dragon bites you!!
You die...

.................................
...............................†.
.###.....##.####...###.#....##.##
.# ###..P### #...# ###....#### .#
#..## #...## #...## .# ##..#
#....# ##..# .## #...# #....#
#### ..# ##..########...###.# #
..##P#.........†@.....#
...............l........
.......................#
..............^....#..##
....................#.# ####
...<................# # #..# ##
...................### #..# #.
....................P####..#####†
.................................


You could see a komodo dragon.

Vanquished Creatures
  Harold (D:9)
  A vault guard (D:10)
  Erica (D:10)
  2 two-headed ogres
  9 death yaks
  An orc knight (Bailey)
  2 black mambas
  2 torpor snails (Lair:2)
  6 elephants (Lair:3)
  A kobold demonologist (D:10)
  3 rime drakes (Lair:2)
  3 cane toads
  2 komodo dragons
  2 trolls (D:10)
  6 hornets (Lair:3)
  A tyrant leech (Lair:2)
  Prince Ribbit (D:9)
  16 blink frogs
  A shadow (D:9)
  2 wraiths
  A wyvern (D:9)
  8 yaks
  2 basilisks
  2 steam dragons
  3 vampire mosquitoes
  A swamp worm (Lair:2)
  An acid dragon (D:8)
  6 water moccasins
  6 orc warriors
  Duvessa (D:7)
  2 black bears
  2 ice beasts
  14 wolves
  An ogre (D:6)
  3 centaurs
  4 kobold brigands
  11 bullfrogs
  2 necrophages
  A gnoll sergeant (D:10)
  11 scorpions
  Dowan (D:7)
  20 killer bees
  3 electric eels
  A howler monkey (D:5)
  A gnoll bouda (D:7)
  3 hounds
  7 orc priests
  A jelly (D:8)
  2 iguanas
  10 orc wizards
  3 hell rats (D:10)
  8 adders
  19 gnolls
  2 river rats (D:10)
  5 shadow imps
  3 white imps
  4 ufetubi
  2 worms
  2 dart slugs
  52 orcs
  7 ball pythons
  3 endoplasms
  8 giant cockroaches
  7 hobgoblins
  2 jackals (D:3)
  17 kobolds
  5 quokkas
  4 bats
  5 frilled lizards
  7 goblins
  9 rats
  2 butterflies (Lair:1)
370 creatures vanquished.

Vanquished Creatures (others)
  11 fungi
  27 plants
38 creatures vanquished.

Grand Total: 408 creatures vanquished

Notes
Turn   | Place    | Note
-------+----------+-------------------------------------------
     0 | D:1      | porpoise the Armataur Fighter began the quest for the Orb.
     0 | D:1      | Reached XP level 1. HP: 19/19 MP: 1/1
   233 | D:1      | Reached skill level 2 in Axes
   353 | D:1      | Reached XP level 2. HP: 26/26 MP: 2/2
  1260 | D:2      | Reached XP level 3. HP: 31/33 MP: 3/3
  1461 | D:2      | Reached skill level 3 in Axes
  1718 | D:3      | Reached XP level 4. HP: 40/40 MP: 4/4
  2035 | D:3      | Reached XP level 5. HP: 49/49 MP: 5/5
  2383 | D:4      | Reached skill level 4 in Axes
  2494 | D:4      | Reached XP level 6. HP: 53/55 MP: 6/6
  2837 | D:4      | Found a stormy altar of Qazlal.
  2837 | D:4      | Found a hazy altar of Hepliaklqana.
  3163 | D:4      | Reached skill level 5 in Axes
  3459 | D:5      | Entered Level 5 of the Dungeon
  3648 | D:5      | Found a staircase to the Ecumenical Temple.
  3648 | D:5      | Identified the +11 flail "Jajavej" {vorpal, rF- Str+3 Int+4
                  | Dex+2}
  3663 | Temple   | Entered the Ecumenical Temple
  3797 | Temple   | Became a worshipper of Warmaster Okawaru
  3941 | D:5      | Reached XP level 7. HP: 64/64 MP: 7/7
  4240 | D:5      | Reached skill level 5 in Fighting
  4474 | D:5      | Reached * piety under Okawaru
  4685 | D:6      | Reached skill level 6 in Axes
  4801 | D:6      | Reached XP level 8. HP: 73/73 MP: 8/8
  5024 | D:6      | Reached skill level 7 in Axes
  5238 | D:7      | Reached ** piety under Okawaru
  5279 | D:7      | Found Cusasir's Antique Armour Shoppe.
  5287 | D:7      | Bought an encrusted chain mail for 199 gold pieces
  5287 | D:7      | Identified the +1 chain mail of Athre {-Cast Regen+ Dex+3}
                  | (You bought it in a shop on level 7 of the Dungeon)
  5337 | D:7      | Reached skill level 8 in Axes
  5409 | D:7      | Bought a runed scarf for 168 gold pieces
  5443 | D:7      | Noticed Duvessa
  5444 | D:7      | Noticed Dowan
  5457 | D:7      | Reached XP level 9. HP: 82/83 MP: 9/9
  5457 | D:7      | Killed Duvessa
  5461 | D:7      | Killed Dowan
  5679 | D:7      | Reached *** piety under Okawaru
  5876 | D:7      | Reached skill level 9 in Axes
  6212 | D:8      | Reached skill level 1 in Invocations
  6344 | D:8      | Found a hide-covered altar of Uskayaw.
  6376 | D:8      | Noticed a +0 hand axe
  6376 | D:8      | Noticed a +0 dagger
  6459 | D:8      | Noticed a two-headed ogre
  6465 | D:8      | Killed a two-headed ogre
  6466 | D:8      | Reached skill level 5 in Armour
  6477 | D:8      | Found a snail-covered altar of Cheibriados.
  6781 | D:9      | Noticed Harold
  6787 | D:9      | Killed Harold
  6787 | D:9      | Reached **** piety under Okawaru
  6788 | D:9      | Reached XP level 10. HP: 89/92 MP: 11/13
  6856 | D:9      | Found a flagged portal.
  6865 | Bailey   | Entered a bailey
  7053 | Bailey   | Noticed an orc knight
  7059 | Bailey   | Killed an orc knight
  7176 | D:9      | Reached skill level 10 in Axes
  7267 | D:9      | Reached skill level 5 in Invocations
  7510 | D:9      | Received a gift from Okawaru
  7749 | D:9      | Noticed Prince Ribbit
  7755 | D:9      | Killed Prince Ribbit
  8046 | D:9      | Upgraded the game from 0.30-a0-377-g5cb311bc9f to
                  | 0.30-a0-381-g6ea064c7b4
  8062 | D:10     | Entered Level 10 of the Dungeon
  8079 | D:10     | Noticed a two-headed ogre
  8083 | D:10     | Killed a two-headed ogre
  8086 | D:10     | Noticed Erica
  8094 | D:10     | Killed Erica
  8094 | D:10     | Reached ***** piety under Okawaru
  8130 | D:9      | Reached XP level 11. HP: 36/98 MP: 16/16
  8131 | D:9      | Reached skill level 11 in Axes
  8230 | D:10     | Found a staircase to the Orcish Mines.
  8287 | D:10     | Reached skill level 1 in Dodging
  8615 | D:10     | Noticed a death yak
  8617 | D:10     | Found a staircase to the Lair.
  8617 | D:10     | Noticed a death yak
  8618 | D:10     | Noticed a death yak
  8625 | D:10     | Killed a death yak
  8625 | D:10     | Identified the +1 pair of gloves of the Scribe {Str-5 Int+4
                  | Dex+3} (Okawaru gifted it to you on level 10 of the
                  | Dungeon)
  8625 | D:10     | Received a gift from Okawaru
  8629 | D:10     | Killed a death yak
  8630 | D:10     | Reached skill level 5 in Shields
  8639 | D:10     | Killed a death yak
  8646 | D:10     | Reached skill level 1 in Throwing
  8947 | D:10     | Noticed a vault guard
  8953 | D:10     | Killed a vault guard
  9013 | D:10     | Found a portal to a secret trove of treasure.
  9132 | Lair:1   | Entered Level 1 of the Lair of Beasts
  9470 | Lair:1   | Identified the +8 flail "Uxtac" {speed, rN+ SInv}
  9515 | Lair:1   | Noticed a death yak
  9517 | Lair:1   | Noticed a death yak
  9517 | Lair:1   | Noticed a death yak
  9518 | Lair:1   | Noticed a death yak
  9529 | Lair:1   | Killed a death yak
  9530 | Lair:1   | Reached XP level 12. HP: 79/108 MP: 17/17
  9530 | Lair:1   | Noticed a death yak
  9533 | Lair:1   | Noticed a death yak
  9534 | Lair:1   | Killed a death yak
  9538 | Lair:1   | Killed a death yak
  9543 | Lair:1   | Killed a death yak
  9551 | Lair:1   | Killed a death yak
  9551 | Lair:1   | Received a gift from Okawaru
  9552 | Lair:1   | Reached skill level 12 in Axes
  9557 | Lair:1   | Killed a death yak
  9557 | Lair:1   | Reached ****** piety under Okawaru
 10280 | Lair:1   | Identified the +8 chain mail of Spite {Rampage} (Okawaru
                  | gifted it to you on level 1 of the Lair of Beasts)
 10280 | Lair:1   | Received a gift from Okawaru
 10540 | Lair:2   | Reached skill level 1 in Maces & Flails
 10891 | Lair:2   | Reached skill level 5 in Throwing
 10892 | Lair:2   | Found a hole to the Spider Nest.
 10915 | Lair:2   | Reached skill level 5 in Dodging
 11620 | Lair:2   | Found a staircase to the Swamp.
 12366 | Lair:3   | Reached skill level 1 in Evocations
 12375 | Lair:3   | Reached XP level 13. HP: 93/118 MP: 18/18
 12654 | Lair:3   | Identified the +7 sling "Hell-Harrower" {speed, Stlth+}
 12837 | Lair:3   | Mangled by a komodo dragon

Illustrated notes

Levels and vault maps discovered:
D:1:      pf_arrival_petrified_forest, layout_loops_ring, minmay_misc_feat_doors
D:2:      layout_loops_ring
D:3:      layout_basic
D:4:      layout_basic, gammafunk_temple_overflow_pools
D:5:      layout_basic, temple_fountains
D:6:      layout_basic, serial_demonic, serial_demonic_d, serial_demonic_g,
          serial_demonic_d, serial_demonic_b
D:7:      layout_gridville, serial_shops,
          nicolae_shop_competitors_out_of_business, uniq_duvessa
D:8:      layout_basic, slow_altar_1, dancing_weapons_uskayaw,
          palyth_stone_intersect, kennysheep_another_room, bh_walls_and_bars
D:9:      layout_stronghold, enter_bailey_6, nicolae_lava_and_water,
          kennysheep_generic_room_3, uniq_prince_ribbit1, uniq_harold
D:10:     layout_rooms, dpeg_lair_monsters, david_orc_2, enter_trove_5,
          minmay_starry_boxes, uniq_erica
Temple:   regret_index_temple_chain_breaker
Lair:1:   layout_cave_pods, minivault_26, lemuel_fruit_fields,
          grunt_megastairs_2, lemuel_fruit_fields
Lair:2:   layout_gridlike, minmay_swamp_entry_worms,
          nicolae_spider_entry_non_spiders
Lair:3:   layout_small_grid, enter_volcano_3, dreamdust_wasp_nest,
          serial_bayou_shore_a

Skill      XL: |  1  2  3  4  5  6  7  8  9 10 11 12 13 |
---------------+----------------------------------------+-----
Axes           | 2 3 4 5 6 8 9 10 11 12 | 12.1
Fighting       | 3 4 5 6 7 9 |  9.8
Armour         | 6 7 |  7.0
Invocations    | 4 7 |  7.0
Dodging        | 3 5 |  5.0
Shields        | 5 |  5.0
Throwing       | 3 6 |  6.0
Maces & Flails | 3 4 |  4.3
Evocations     | 1 2 |  2.6

Action                   |  1- 3 |  4- 6 |  7- 9 | 10-12 | 13-15 || total
-------------------------+-------+-------+-------+-------+-------++-------
Melee: War axe           |    59 |    97 |    28 |    66 |       ||   250
       Tailslap          |     8 |    15 |    14 |    78 |     7 ||   122
       Flail             |       |    10 |   140 |   394 |    56 ||   600
 Fire: Sling             |    41 |    15 |       |       |       ||    56
Throw: Dart              |       |       |    12 |    11 |       ||    23
Invok: Heroism           |       |       |       |     4 |       ||     4
       Finesse           |       |       |       |     2 |       ||     2
Evoke: Wand              |       |       |       |     3 |     2 ||     5
  Use: Scroll            |     1 |     5 |    13 |     6 |       ||    25
       Potion            |       |       |       |       |     1 ||     1
 Stab: Distracted        |       |       |     1 |       |       ||     1
Armor: Scale mail        |    42 |     7 |       |       |       ||    49
       Ring mail         |       |    32 |    56 |   141 |    23 ||   252
Dodge: Dodged            |    21 |    46 |    57 |   185 |    24 ||   333
       Repelled          |       |       |     1 |     1 |       ||     2
Block: Buckler           |    24 |    15 |    33 |    99 |    12 ||   183

Table legend: (Time is in decaauts)
 A = Elapsed time spent in this place.
 B = Non-inter-level travel time spent in this place.
 C = Inter-level travel time spent in this place.
 D = Time resting spent in this place.
 E = Time spent auto-exploring this place.
 F = Levels seen in this place.
 G = Mean time per level.
                   A        B        C        D        E       F      G
               +--------+--------+--------+--------+--------+-----+--------+
         Total |  12952 |  12539 |    413 |   2222 |   7474 |  15 |  863.5 |
       Dungeon |   8819 |   8533 |    286 |   1216 |   5611 |  10 |  881.9 |
        Temple |    154 |    114 |     40 |      0 |     96 |   1 |  154.0 |
          Lair |   3719 |   3633 |     86 |   1006 |   1767 |   3 | 1239.7 |
        Bailey |    259 |    259 |      0 |      0 |      0 |   1 |  259.0 |
               +--------+--------+--------+--------+--------+-----+--------+

Top non-repeatable levels by time:
  Lair:2: 1486 daAuts
  Lair:1: 1351 daAuts
     D:9: 1198 daAuts
     D:4: 1104 daAuts
     D:5: 1018 daAuts
     D:1: 990 daAuts
    D:10: 963 daAuts
  Lair:3: 880 daAuts
     D:7: 778 daAuts
     D:8: 746 daAuts
     D:2: 745 daAuts
     D:3: 687 daAuts
     D:6: 586 daAuts
  Bailey: 259 daAuts
  Temple: 154 daAuts
